 Dungeon Crawl Stone Soup version 0.30-a0-860-g512cf1e979 (webtiles) character file.

Game seed: 5006772089007408706

37 BattleRest the Cudgeller (level 3, 0/25 (31) HPs)
             Began as a Gnoll Reaver on Mar 8, 2023.
             Frozen to death by an endoplasm (2 damage)
             ... on level 2 of the Dungeon.
             The game lasted 00:04:55 (3125 turns).

BattleRest the Cudgeller (Gnoll Reaver)             Turns: 3125, Time: 00:04:56

HP:   0/25 (31)     AC:  4    Str: 13    XL:     3   Next: 41%
MP:   9/9           EV: 12    Int: 12    God:
Gold: 66            SH:  5    Dex: 10    Spells: 11/12 levels left

rFire   . . .      SeeInvis .    a - +0 mace
rCold   . . .      Faith    .    (no shield)
rNeg    . . .      Spirit   .    b - +0 leather armour
rPois   .          Reflect  +    (no helmet)
rElec   .          Rampage  .    (no cloak)
rCorr   .                        k - +0 pair of gloves
Will    .....                    (no boots)
Stlth   +                        g - amulet of reflection
HPRegen 0.24/turn                (no ring)
MPRegen 0.11/turn                (no ring)

@: lethally poisoned (0 -> -4), heavily drained
A: fangs 1, strong nose, distributed training
a: no special abilities


You were on level 2 of the Dungeon.
You visited 1 branch of the dungeon, and saw 2 of its levels.

You collected 66 gold pieces.

Inventory:

Hand Weapons
 a - a +0 mace (weapon)
Armour
 b - a +0 leather armour (worn)
 k - a +0 pair of gloves (worn)
Magical Staves
 i - a staff of earth
Jewellery
 g - an amulet of reflection (around neck)
Scrolls
 c - 3 scrolls of identify {unknown}
 f - a scroll of brand weapon {unknown}
 m - a scroll of immolation {unknown}
Potions
 d - a potion of resistance {unknown}
 e - a potion of attraction {unknown}
 h - 2 potions of flight {unknown}
 j - a potion of cancellation {unknown}
 l - a potion of curing {unknown}


   Skills:
 + Level 4.5 Fighting
 + Level 0.8 Short Blades
 + Level 0.8 Long Blades
 + Level 0.8 Axes
 + Level 6.5 Maces & Flails
 + Level 0.8 Polearms
 + Level 0.8 Staves
 + Level 0.8 Ranged Weapons
 + Level 0.8 Throwing
 + Level 0.8 Armour
 + Level 4.5 Dodging
 + Level 0.8 Stealth
 + Level 0.8 Shields
 + Level 0.8 Unarmed Combat
 + Level 5.0 Spellcasting
 + Level 5.4 Conjurations
 + Level 0.5 Hexes
 + Level 0.5 Summonings
 + Level 0.5 Necromancy
 + Level 0.5 Translocations
 + Level 0.5 Transmutations
 + Level 0.5 Fire Magic
 + Level 0.5 Ice Magic
 + Level 0.5 Air Magic
 + Level 0.5 Earth Magic
 + Level 0.5 Poison Magic
 + Level 1.0 Invocations
 + Level 0.8 Evocations


You had 11 spell levels left.
You knew the following spells:

 Your Spells              Type           Power      Damage    Failure   Level
a - Kiss of Death         Conj/Necr      40%        2d8       8%          1

Your spell library contained the following spells:

 Spells                   Type           Power      Damage    Failure   Level
 Momentum Strike          Conj/Tloc      20%        3d8       11%         2
 Hailstorm                Conj/Ice       10%        3d5       22%         3


Dungeon Overview and Level Annotations

Branches:
Dungeon (2/15)

Altars:


Innate Abilities, Weirdness & Mutations

You have very sharp teeth.
Your uncanny sense of smell can sniff out nearby items.
Your experience applies equally to all skills.


Message History

m - a scroll labelled NASODA EBBIYK An adder comes into view.
Found 10 gold pieces.
The adder hisses angrily.
An endoplasm comes into view.
There are monsters nearby!
The adder misses you.
You miss the adder. The adder misses you. The adder bites you.
You are poisoned.
The adder poisons you!
You barely miss the adder. Your bite misses the adder.
You feel sick. The adder bites you but does no damage.
You barely miss the adder.
You feel sick. The adder misses you. The endoplasm closely misses you.
The adder barely misses you.
You hit the adder. Your bite misses the adder.
The adder is lightly wounded.
You feel sick. The endoplasm completely misses you. The adder bites you.
You are more poisoned.
The adder poisons you!
You miss the adder.
The adder is lightly wounded.
You feel sick. The adder bites you.
You are lethally poisoned!
The adder poisons you! The endoplasm barely misses you.
You block the adder's attack.
You are too injured to fight recklessly!
You are too injured to fight recklessly!
* * * LOW HITPOINT WARNING * * *
You feel very sick.
* * * LOW HITPOINT WARNING * * *
You feel sick.
* * * LOW HITPOINT WARNING * * *
You feel sick.
You hit the endoplasm.
The endoplasm is moderately wounded.
* * * LOW HITPOINT WARNING * * *
You feel sick. The endoplasm freezes you.
You are frozen.
You die...

#.................
#.................
#................. . #...
.........####
...######.###.........)...
..........................
....$....S.............†..
..#######J###.######..#.#.
#@# #..#.#. #.#
.######..#.#. ####.#
.........#.#.
+....#########...#.#.
###....#.. #†..#.#.
#....+.. #...#.## #######
#....#.#####...#.# #..<..#
#....+.........#.# #.#.#.#
#....#.#####..##.#


You could see an adder and an endoplasm.

Vanquished Creatures
  An adder (D:2)
  An orc (D:2)
  2 ball pythons
  4 bats
  2 endoplasms
  A giant cockroach (D:1)
  3 goblins
  4 hobgoblins
  A kobold (D:1)
  A quokka (D:2)
  4 rats
24 creatures vanquished.

Vanquished Creatures (others)
  7 toadstools (D:1)
7 creatures vanquished.

Grand Total: 31 creatures vanquished

Notes
Turn   | Place    | Note
-------+----------+-------------------------------------------
     0 | D:1      | BattleRest the Gnoll Reaver began the quest for the Orb.
     0 | D:1      | Reached XP level 1. HP: 20/20 MP: 6/6
   182 | D:1      | Found a faded altar of an unknown god.
   246 | D:1      | Reached XP level 2. HP: 20/26 MP: 7/7
  2881 | D:2      | Reached skill level 5 in Spellcasting
  2881 | D:2      | Reached XP level 3. HP: 8/25 MP: 6/9
  3020 | D:2      | Reached skill level 1 in Invocations
  3125 | D:2      | Frozen to death by an endoplasm

Illustrated notes

Levels and vault maps discovered:
D:1:      nagdon_arrival_double_spiral, layout_loops_ring,
          shapermc_ecumenical_altar_petra
D:2:      layout_basic, basic_altar, uniq_terence

Skill      XL: |  1  2  3 |
---------------+----------+-----
Spellcasting   | 5 |  5.0
Invocations    | 1 |  1.0
Fighting       | |  4.5
Short Blades   | |  0.8
Long Blades    | |  0.8
Axes           | |  0.8
Maces & Flails | |  6.5
Polearms       | |  0.8
Staves         | |  0.8
Ranged Weapons | |  0.8
Throwing       | |  0.8
Armour         | |  0.8
Dodging        | |  4.5
Stealth        | |  0.8
Shields        | |  0.8
Unarmed Combat | |  0.8
Conjurations   | |  5.4
Hexes          | |  0.5
Summonings     | |  0.5
Necromancy     | |  0.5
Translocations | |  0.5
Transmutations | |  0.5
Fire Magic     | |  0.5
Ice Magic      | |  0.5
Air Magic      | |  0.5
Earth Magic    | |  0.5
Poison Magic   | |  0.5
Evocations     | |  0.8

Action                     || total
---------------------------++-------
  Melee: Mace              ||    78
         Bite              ||     5
         Punch             ||     1
   Cast: Kiss of Death     ||     2
 Armour: Leather armour    ||    15
  Dodge: Dodged            ||    57
  Block: Other             ||    12

Table legend: (Time is in decaauts)
 A = Elapsed time spent in this place.
 B = Non-inter-level travel time spent in this place.
 C = Inter-level travel time spent in this place.
 D = Time resting spent in this place.
 E = Time spent auto-exploring this place.
 F = Levels seen in this place.
 G = Mean time per level.
                   A        B        C        D        E       F      G
               +--------+--------+--------+--------+--------+-----+--------+
         Total |   3131 |   3110 |     21 |   2194 |    662 |   2 | 1565.5 |
       Dungeon |   3131 |   3110 |     21 |   2194 |    662 |   2 | 1565.5 |
               +--------+--------+--------+--------+--------+-----+--------+

Top non-repeatable levels by time:
     D:1: 2802 daAuts
     D:2: 328 daAuts
